AoeStats
← MooseMooch

Arena

509263690Analyzed
1v1 RM · 5d ago on Sep 26, 2026· 19m 20s· 2 players
Game mode
Random Map
Map size
Tiny (2 player)
Population
200
Speed
Normal
Resources
Standard
Victory
Conquest
Starting age
Dark Age
Ending age
Imperial Age
RankedLock teamsTeams togetherTeam positionsShared explorationLock speedFull tech treeHidden civsTurbo modeCheats
Victory
Defeat
🇨🇦 Burmese · Canada
1214
+18
🇩🇪 Portuguese · Germany
1254
-18
twitch.tv/aceinspace93
6:29 Loom
9:32 Feudal Age
12:48 Castle Age
13:36 Gold Mining
18:36 Atonement
MooseMooch
11:21 Feudal Age
14:54 Castle Age
12:51 Double-Bit Axe
13:03 Horse Collar
Connection lost

Rejoining the realm…

Still unreachable

The connection could not be restored.

Session expired

The server has moved on; the page needs a fresh start.